AoeStats
← Bigi-Y

Arena

506224012Analyzed
4v4 RM · 21d ago on Sep 12, 2026· 22m 10s· 8 players
Game mode
Random Map
Map size
Large (8 player)
Population
200
Speed
Normal
Resources
Standard
Victory
Conquest
Starting age
Dark Age
Ending age
Imperial Age
RankedLock teamsTeams togetherTeam positionsShared explorationLock speedFull tech treeHidden civsTurbo modeCheats
Victory
Defeat
🇨🇿 Mongols · Czechia
893
+14
🇨🇿 Franks · Czechia
880
+15
🇦🇹 Chinese · Austria
861
+15
🇨🇿 Bohemians · Czechia
834
+16
🇺🇸 Sicilians · United States
916
-17
🇮🇳 Mongols · India
882
-36
🇦🇷 Khmer · Argentina
801
-13
🇧🇷 Huns · Brazil
790
-13
Mukuro
2:15 Loom
10:16 Feudal Age
12:09 Double-Bit Axe
17:11 Forging
23:41 Castle Age
22:48 Scale Barding Armor
rauni11
2:35 Loom
11:00 Feudal Age
15:15 Castle Age
13:35 Double-Bit Axe
20:23 Bow Saw
kavacino
9:52 Feudal Age
11:22 Loom
16:39 Double-Bit Axe
Bigi-Y
9:49 Feudal Age
13:52 Horse Collar
16:35 Castle Age
16:30 Fletching
17:34 Bloodlines
21:04 Loom
ianxpresso
7:56 Loom
16:49 Feudal Age
Kadojc
3:03 Loom
12:03 Feudal Age
16:54 Castle Age
16:14 Double-Bit Axe
16:39 Horse Collar
Machete
10:27 Feudal Age
14:05 Castle Age
12:46 Horse Collar
13:19 Double-Bit Axe
15:09 Loom
21:03 Bloodlines
kfasmlo1922247
9:58 Feudal Age
17:11 Castle Age
16:04 Double-Bit Axe
16:01 Horse Collar
Connection lost

Rejoining the realm…

Still unreachable

The connection could not be restored.

Session expired

The server has moved on; the page needs a fresh start.